 Dungeon Crawl Stone Soup version 0.30.1 (webtiles) character file.

Game seed: 11398620787594714687

722 Arctor the Changer (level 7, -4/46 HPs)
             Began as an Octopode Transmuter on July 12, 2023.
             Slain by a hornet (6 damage)
             ... while paralysed by a hornet
             ... on level 5 of the Dungeon.
             The game lasted 00:04:28 (4635 turns).

Arctor the Changer (Octopode Transmuter)            Turns: 4635, Time: 00:04:30

Health: -4/46      AC:  1    Str: 10    XL:     7   Next: 71%
Magic:  12/12      EV:  2    Int: 17    God:
Gold:   164        SH:  0    Dex: 12    Spells: 7/12 levels left

rFire   . .          .
                       - Unarmed
rCold   . . .        k - orb {light}
rNeg    . . .        (helmet currently unavailable)
rPois   .            (no amulet)
rElec   .            (no ring)
rCorr   .            (no ring)
SInv    .            (no ring)
Will    .....        (no ring)
Stlth   +            (no ring)
HPRegen 0.27/turn    (no ring)
MPRegen 0.13/turn    (no ring)
                     (no ring)

%: no passive effects
@: paralysed, lethally poisoned (-4 -> -12), appendages, slowed, glowing
A: tentacle spike 3, almost no armour, amphibious, 8 rings, camouflage 1,
gelatinous body 1, (nimble swimmer 1), tentacles
a: End Transformation


You were on level 5 of the Dungeon.
One of your tentacles had grown a beastly spike.
You visited 1 branch of the dungeon, and saw 5 of its levels.

You collected 164 gold pieces.

Inventory:

Missiles
 f - 5 silver boomerangs
 q - 3 boomerangs
Armour
 k - an orb of light (worn)
Wands
 a - a wand of charming (6)
 p - a wand of flame (13)
Scrolls
 d - 2 scrolls of immolation
 e - a scroll of magic mapping
 g - a scroll of silence
 h - a scroll of teleportation
 m - 2 scrolls of enchant armour
Potions
 b - a potion of lignification
 c - a potion of magic
 i - a potion of ambrosia
 j - a potion of invisibility {unknown}
 l - a potion of curing {unknown}
 o - a potion of resistance {unknown}
 r - a potion of degeneration {unknown}


   Skills:
 + Level 3.2 Fighting
 + Level 3.6 Dodging
 + Level 4.4 Unarmed Combat
 + Level 3.4 Spellcasting
 * Level 4.6 Transmutations
 + Level 2.5 Ice Magic


You had 7 spell levels left.
You knew the following spells:

 Your Spells              Type           Power      Damage    Failure   Level
a - Beastly Appendage     Tmut           36%        N/A       2%          1
b - Ice Form              Ice/Tmut       15%        N/A       36%         4

Your spell library contained the following spells:

 Spells                   Type           Power      Damage    Failure   Level
 Wereblood                Tmut           18%        N/A       3%          2
 Spider Form              Tmut/Pois      10%        N/A       21%         3
 Summon Guardian Golem    Hex/Summ       2%         N/A       45%         3
 Orb of Destruction       Conj           1%         9d5       100%        7
 Spellforged Servitor     Conj/Summ      1%         N/A       100%        7


Dungeon Overview and Level Annotations

Branches:
Dungeon (5/15)
 Temple: D:4-7

Altars:
Nemelex Xobeh
Yredelemnul
The Shining One

Shops:
D:1 !   D:3 [

Annotations:
D:5 Menkaure


Innate Abilities, Weirdness & Mutations

One of your tentacles has grown a beastly spike.
You cannot wear most types of armour.
You are amphibious.
You can wear up to eight rings at the same time.
Your skin changes colour to match your surroundings (Stealth+).
Your rubbery body absorbs attacks. (AC +1, EV +1)
((You are camouflaged when in or above water. (Stealth+)))
You have tentacles for arms and can constrict up to eight enemies at once.


Message History

Found a stone staircase leading down.
A hornet comes into view.
The hornet buzzes angrily.
One of your tentacles grows a vicious spike.
You closely miss the hornet. Your grab misses the hornet.
You squeeze the hornet!
The hornet is moderately wounded.
The hornet stings you!
You are poisoned.
You feel yourself slow down.
You tentacle-slap the hornet. You grab the hornet.
You pierce the hornet.
The hornet is heavily wounded.
You constrict the hornet, but do no damage.
You feel very sick. The hornet closely misses you.
The hornet stings you but does no damage.
You tentacle-slap the hornet.
You pierce the hornet.
The hornet is heavily wounded.
You feel yourself speed up.
You constrict the hornet.
You feel very sick. The hornet barely misses you. x3
You barely miss the hornet.
You squeeze the hornet, but do no damage.
The hornet is severely wounded.
You constrict the hornet, but do no damage.
You feel sick. The hornet stings you!
You are more poisoned.
You suddenly lose the ability to move!
You lose your grip on the hornet.
You feel very sick. The hornet stings you.
* * * LOW HITPOINT WARNING * * *
You feel yourself slow down.
* * * LOW HITPOINT WARNING * * *
You feel very sick. The hornet stings you!
* * * LOW HITPOINT WARNING * * *
You feel as though you will be slow longer.
The hornet stings you.
You die...

..###.#.......####
. #.##.......#.##
.. #..........# ##
............#
#..##.........#
..###..##......# .
#..##.#....##
..####......#
#@.......#
#...y.#...#..#
##..>###..##..#
###. ....... ##
......# #..#.#
.####


You could see a hornet.

Vanquished Creatures
  A water moccasin (D:5)
  A black bear (D:4)
  An ice beast (D:3)
  A scorpion (D:4)
  Jessica (D:2)
  Ijyb (D:3)
  Natasha (D:3)
  An orc wizard (D:4)
  A sleepcap (D:4)
  2 iguanas
  4 adders
  7 gnolls
  2 dart slugs
  6 worms
  3 orcs
  3 ball pythons
  8 bats
  3 endoplasms
  3 giant cockroaches
  7 goblins
  10 hobgoblins
  3 jackals (D:1)
  6 kobolds
  3 quokkas
  3 frilled lizards
  4 rats
86 creatures vanquished.

Notes
Turn   | Place    | Note
-------+----------+-------------------------------------------
     0 | D:1      | Arctor the Octopode Transmuter began the quest for the Orb.
     0 | D:1      | Reached XP level 1. HP: 13/13 MP: 3/3
   245 | D:1      | Reached XP level 2. HP: 13/18 MP: 3/5
   661 | D:1      | Reached XP level 3. HP: 20/23 MP: 4/6
   873 | D:1      | Found Zorob's Distillery.
  1478 | D:2      | Reached XP level 4. HP: 23/29 MP: 5/7
  1526 | D:2      | Learned a level 4 spell: Ice Form
  1977 | D:2      | Reached XP level 5. HP: 16/34 MP: 6/8
  2099 | D:2      | Noticed Jessica
  2104 | D:2      | Killed Jessica
  2105 | D:2      | Reached skill level 1 in Ice Magic
  2813 | D:3      | Found Angew's Armour Boutique.
  2856 | D:3      | Noticed an ice beast
  2863 | D:3      | Killed an ice beast
  2864 | D:3      | Reached XP level 6. HP: 21/41 MP: 8/10
  3067 | D:3      | Noticed Ijyb
  3098 | D:3      | Killed Ijyb
  3283 | D:3      | Found a glowing golden altar of the Shining One.
  3512 | D:3      | Found a sparkling altar of Nemelex Xobeh.
  3587 | D:3      | Noticed Natasha
  3595 | D:3      | Killed Natasha
  3981 | D:4      | Reached XP level 7. HP: 42/45 MP: 7/11
  4211 | D:4      | Found a basalt altar of Yredelemnul.
  4533 | D:5      | Entered Level 5 of the Dungeon
  4533 | D:5      | Noticed Menkaure
  4628 | D:5      | Noticed a hornet
  4633 | D:5      | Paralysed by a hornet for 2 turns
  4635 | D:5      | HP: 2/46 [hornet (9)]
  4635 | D:5      | Slain by a hornet

Illustrated notes

Levels and vault maps discovered:
D:1:      matt_arrival_refuge, layout_loops_corners, serial_shops, shop
D:2:      layout_basic, uniq_jessica
D:3:      layout_rooms, nemelex_spade_bored_becter, tso_metal_star,
          serial_shops, shop, uniq_natasha, uniq_ijyb
D:4:      layout_cave_pools, yredelemnul_altar_generic
D:5:      layout_cave_pools, mainiacjoe_overflow_large_starburst, uniq_menkaure,
          uniq_crazy_yiuf_cottage

Skill      XL: |  1  2  3  4  5  6  7 |
---------------+----------------------+-----
Fighting       | 2 3 |  3.2
Transmutations | 3 4 |  4.6
Ice Magic      | 1 2 |  2.5
Dodging        | 3 |  3.6
Spellcasting   | 3 |  3.4
Unarmed Combat | 4 |  4.4

Action                     |  1- 3 |  4- 6 |  7- 9 || total
---------------------------+-------+-------+-------++-------
  Melee: Unarmed           |    86 |    99 |    32 ||   217
         Kick              |    23 |    31 |    17 ||    71
         Constrict         |    29 |    27 |    11 ||    67
         Tentacles         |    19 |    22 |     9 ||    50
         Punch             |     2 |     3 |     2 ||     7
   Cast: Beastly Appendage |    41 |    36 |    11 ||    88
         Ice Form          |       |     2 |       ||     2
    Use: Scroll            |       |     9 |     1 ||    10
         Potion            |       |     1 |       ||     1
   Stab: Sleeping          |     2 |       |       ||     2
 Armour: Skin              |     4 |     9 |     1 ||    14
  Dodge: Dodged            |    59 |    62 |    20 ||   141
